 Dungeon Crawl Stone Soup version 0.19-a0-19-gf75ed07 (webtiles) character file.

23 epen the Vexing (level 2, 0/20 HPs)
             Began as a Vampire Enchanter on Apr 30, 2016.
             Slain by an adder (2 damage)
             ... on level 2 of the Dungeon.
             The game lasted 00:03:34 (1018 turns).

epen the Vexing (Vampire Enchanter)                 Turns: 1018, Time: 00:03:36

Health: 0/20       AC:  3    Str: 10 (12) XL:     2   Next: 75%
Magic:  1/5        EV: 11    Int: 14 (17) God:
Gold:   107        SH:  3    Dex: 11 (14) Spells: 2 memorised, 2 levels left

rFire  . . .     SeeInvis +     a - +1 dagger
rCold  + . .     Gourm    +     b - +1 robe
rNeg   + + .     Faith    .     g - +0 buckler
rPois  +         Spirit   .     (no helmet)
rElec  .         Dismiss  .     (no cloak)
rCorr  .         Reflect  .     (no gloves)
SustAt .         Harm     .     (no boots)
MR     .....                    k - amulet of the gourmand
Stlth  +++.......               (no ring)
                                (no ring)

@: mighty, lethally poisoned (0 -> -11), very slightly contaminated,
regenerating slowly, invisible, not resistant to hostile enchantments, fairly
stealthy
A: fangs 3, see invisible, unbreathing
a: no special abilities


You were on level 2 of the Dungeon.
You were thirsty.

You visited 1 branch of the dungeon, and saw 2 of its levels.

You collected 107 gold pieces.

Inventory:

Hand Weapons
 a - a +1 dagger (weapon)
Armour
 b - a +1 robe (worn)
 g - a +0 buckler (worn)
Jewellery
 k - an amulet of the gourmand (around neck)
Scrolls
 f - a scroll of blinking {unknown}
 h - a scroll of remove curse {unknown}
Potions
 d - 7 potions of blood
 e - a potion of invisibility
Books
 c - a book of Maledictions

   Spells                             Type                      Level
   a - Corona                         Hexes                        1
   b - Ensorcelled Hibernation        Hexes/Ice                    2
   c - Confuse                        Hexes                        3
   d - Tukima's Dance                 Hexes                        3
   e - Dazzling Spray                 Conjuration/Hexes            3


   Skills:
 + Level 0.8 Fighting
 * Level 1.5 Short Blades
 * Level 2.5 Dodging
 + Level 4.5 Stealth
 + Level 0.0 Shields
 + Level 2.1 Spellcasting
 + Level 4.8 Hexes


You had 2 spell levels left.
You knew the following spells:

 Your Spells              Type           Power        Failure   Level  Hunger
a - Corona                Hex            ##.....      8%          1    ##.....
b - Ensorcelled Hibernat  Hex/Ice        #.....       28%         2    ###....


Dungeon Overview and Level Annotations

Branches:
Dungeon (2/15)

Altars:


Innate Abilities, Weirdness & Mutations

You heal slowly.
You have razor-sharp teeth.
You have supernaturally acute eyesight.
You can survive without breathing.


Message History

The bat misses you. The adder misses you. The bat barely misses you.
The adder barely misses you.
You are very lightly contaminated with residual magic.
Drink which item? (? for menu, Esc to quit)
Okay, then.
* * * LOW HITPOINT WARNING * * *
You feel sick. You block the bat's attack.
Drink which item? (? for menu, Esc to quit)
It was a potion of degeneration.
There was something very wrong with that liquid.
You feel weakened.
You feel dopey.
You feel clumsy. The bat hits you but does no damage.
Drink which item? (? for menu, Esc to quit)
It was a potion of might.
You feel very mighty all of a sudden.
* * * LOW HITPOINT WARNING * * *
You feel sick. You block the bat's attack. The adder bites you.
* * * LOW HITPOINT WARNING * * *
The adder bites you.
You die...

b...... ######
#.#.#.#. .....
.!........ ...#
#.#.#.#.#. #..#
#........ #..#
#>..#..#
#.@###.#....#
#..S........#
###^####.#.####
..b.......#
............#
#####.#####..#
######.#####..#
#..###.............#
#..................#


You could see an adder and a bat.

Vanquished Creatures
  A giant gecko (D:1)
  4 bats
  3 goblins
  3 hobgoblins
  3 jackals (D:1)
  A giant newt (D:1)
  3 kobolds
  A rat (D:1)
19 creatures vanquished.

Notes
Turn   | Place    | Note
--------------------------------------------------------------
     0 | D:1      | epen the Vampire Enchanter began the quest for the Orb.
     0 | D:1      | Reached XP level 1. HP: 13/13 MP: 3/3
   324 | D:1      | Reached XP level 2. HP: 20/20 MP: 5/5
   330 | D:1      | Learned a level 2 spell: Ensorcelled Hibernation
   456 | D:1      | You fall through a shaft!
  1018 | D:2      | Slain by an adder

Vault maps used:
D:1:      sevenhm_arrival_forest_fort_small_3
D:2:      grunt_dithmenos_smoke, serial_glass, glass_columns_c, glass_columns_b,
          glass_columns_c, glass_columns_a

Action                   || total
-------------------------++-------
Melee: Dagger            ||    76
       Bite              ||     7
 Cast: Ensorcelled Hiber ||     2
  Use: Potion            ||     3
 Stab: Sleeping          ||     6
Armor: Robe              ||    33
Dodge: Dodged            ||    51
Block: Buckler           ||     9
